 Dungeon Crawl Stone Soup version 0.29.0-4-gdea44cf6ec (webtiles) character file.

Game seed: 6327783402449949623

6 qw the Sneak (level 1, 0/14 HPs)
             Began as a Gargoyle Delver on Sept 10, 2022.
             Slain by an orc
             ... wielding a +0 hand axe
              (1 damage)
             ... on level 4 of the Dungeon.
             The game lasted 00:00:05 (165 turns).

qw the Sneak (Gargoyle Delver)                       Turns: 165, Time: 00:00:05

Health: 0/14       AC:  5    Str: 15    XL:     1   Next: 90%
Magic:  1/1        EV: 11    Int: 10    God:
Gold:   0          SH:  0    Dex: 11    Spells: 0/0 levels left

rFire   . . .      SeeInvis .   a - +0 hand axe
rCold   . . .      Faith    .   (no shield)
rNeg    + . .      Spirit   .   b - +0 leather armour
rPois   inf        Reflect  .   (no helmet)
rElec   +          Harm     .   (no cloak)
rCorr   .          Rampage  .   (no gloves)
Will    .....                   (no boots)
Stlth   +++.......              (no amulet)
HPRegen 0.04/turn               (no ring)
MPRegen 0.07/turn               (no ring)

@: no status effects
A: sickness immunity, AC +2, negative energy resistance 1, electricity
resistance, torment resistance 1, petrification resistance
a: no special abilities


You were on level 4 of the Dungeon.
You visited 1 branch of the dungeon, and saw 2 of its levels.


Innate Abilities, Weirdness & Mutations

You are immune to sickness and miasma.
Your stone body is resilient. (AC +2)
You are immune to poison.
You resist negative energy. (rN+)
You are resistant to electric shocks. (rElec)
You are resistant to unholy torment.
You are immune to petrification.


   Skills:
 - Level 3.2 Fighting
 + Level 2.3 Axes
 - Level 1.5 Dodging
 - Level 5.4 Stealth


You couldn't memorise any spells.
You didn't know any spells.
Your spell library was empty.

Inventory:

Hand Weapons
 a - a +0 hand axe (weapon)
Armour
 b - a +0 leather armour (worn)
Wands
 g - a wand of digging (3)
Potions
 c - a potion of ambrosia {unknown}
 f - a potion of haste

Dungeon Overview and Level Annotations

Branches:
Dungeon (5/15)
 Temple: D:4-7

Altars:

Annotations:
D:4 Blork the orc


Message History

The orc is moderately wounded.
The orc hits you with a +0 short sword.
You barely miss the orc.
The orc is moderately wounded.
The orc closely misses you.
An endoplasm comes into view.
The orc shouts!
You hit the orc.
You kill the orc!
You barely miss the orc. The orc closely misses you.
You barely miss the orc. You hit the orc.
The orc hits you but does no damage. x2; The orc barely misses you.
The orc hits you with a +0 hand axe.
You hit the orc.
You kill the orc!
You hit the orc but do no damage. You barely miss the orc.
The orc barely misses you. The orc hits you but does no damage.
You barely miss the orc. You hit the orc but do no damage.
The orc hits you but does no damage. x2
You hit the orc but do no damage. You hit the endoplasm. You hit the orc.
The orc hits you with a +0 hand axe. The orc misses you.
The endoplasm barely misses you.
You hit the endoplasm but do no damage.
The endoplasm is moderately wounded.
You hit the orc. You barely miss the orc. The orc closely misses you.
The endoplasm freezes you.
You are frozen.
The orc hits you but does no damage.
You hit the orc but do no damage.
The orc is heavily wounded.
You hit the orc but do no damage. You hit the endoplasm.
The orc hits you with a +0 hand axe.
The endoplasm hits you but does no damage.
The orc hits you with a +0 dagger.
You hit the endoplasm.
You kill the endoplasm!
You hit the orc but do no damage. x2
The orc hits you with a +0 hand axe.
You die...

.......
#...........#
#...........
...!.......
#.......(#
##........##
#......K...#
#.....o)o..#
#......@...#
#..........#
#..........#
##........##
##......##
#..######
...# .##


You could see 2 orcs and a kobold.

Vanquished Creatures
  2 orcs (D:4)
  2 endoplasms (D:4)
  A ball python (D:4)
5 creatures vanquished.

Notes
Turn   | Place    | Note
-------+----------+-------------------------------------------
     0 | D:5      | qw the Gargoyle Delver began the quest for the Orb.
     0 | D:5      | Reached XP level 1. HP: 14/14 MP: 1/1
     0 | D:5      | 0 ||| qw: Version: 0.1-a-116-g5d60599
     0 | D:5      | 0 ||| qw: Game counter: 7740
     0 | D:5      | 0 ||| qw: Always use a shield: true
     0 | D:5      | 0 ||| qw: God list: Okawaru
     0 | D:5      | 0 ||| qw: Allow faded altars: false
     0 | D:5      | 0 ||| qw: Do Orc after D:15 true
     0 | D:5      | 0 ||| qw: Do second Lair branch before Depths: true
     0 | D:5      | 0 ||| qw: Lair rune preference: random
     0 | D:5      | 0 ||| qw: Plans: Normal
     0 | D:5      | 0 ||| PLANNING D:1-11
    21 | D:5      | 21 ||| DROPPING scroll of fog.
    22 | D:5      | 22 ||| DROPPING scroll of magic mapping.
    23 | D:5      | 23 ||| DROPPING scroll of fear.
    30 | D:4      | Noticed Blork the orc
   164 | D:4      | HP: 3/14 [orc/+0 hand axe (1)]
   164 | D:4      | HP: 1/14 [orc/+0 dagger (2)]
   165 | D:4      | Slain by an orc

Levels and vault maps discovered:
D:4:      layout_rooms, mainiacjoe_overflow_alcove_2,
          minmay_a_box_with_orc_wizards_in_it, uniq_menkaure,
          uniq_blork_the_orc, uniq_crazy_yiuf_cottage
D:5:      layout_basic, minmay_temple_entry_drinking_statues,
          gup_sewer_entry_pipe, cheibrodos_gnoll_hut, uniq_sigmund,
          uniq_eustachio

Skill      XL: |  1 |
---------------+----+-----
Axes           | 2 |  2.3
Fighting       | |  3.2
Dodging        | |  1.5
Stealth        | |  5.4

Action                   || total
-------------------------++-------
Melee: Hand axe          ||    21
Armor: Leather armour    ||     8
Dodge: Dodged            ||    17

Table legend:
 A = Non-vault XP
 B = Vault XP
 C = Vault XP percentage of total XP
 D = Non-vault monster count
 E = Vault monster count
 F = Vault count percentage of total count
                 A         B        C        D         E       F
            +---------+---------+-------+---------+---------+-------
      Total |      11 |       0 |   0.0 |       5 |       0 |   0.0
            +---------+---------+-------+---------+---------+-------
        D:4 |      11 |       0 |   0.0 |       5 |       0 |   0.0
            +---------+---------+-------+---------+---------+-------
